 Dungeon Crawl Stone Soup version 0.30.0-29-ga12c61a403 (webtiles) character file.

Game seed: 2481137949759793892

5265 noobzilla909 the Cruncher (level 10, -2/88 HPs)
             Began as a Troll Berserker on June 11, 2023.
             Was an Elder of Trog.
             Slain by an orange demon (4 damage)
             ... led by Amaemon
             ... on level 8 of the Dungeon.
             The game lasted 00:35:00 (6449 turns).

noobzilla909 the Cruncher (Troll Berserker)         Turns: 6449, Time: 00:35:11

Health: -2/88      AC: 11    Str: 31    XL:     10   Next: 36%
Magic:  9/9        EV: 11    Int:  3    God:    Trog [****..]
Gold:   329        SH:  0    Dex:  9    Spells: 9/9 levels left

rFire   . . .        o - +2 quarterstaff (chaos)
rCold   . . .        (shield currently unavailable)
rNeg    . . .        f - +0 robe
rPois   .            (helmet restricted)
rElec   .            p - +2 cloak
rCorr   .            (gloves unavailable)
SInv    .            (boots unavailable)
Will    .....        (no amulet)
Stlth   ++           i - +4 ring of protection
HPRegen 1.14/turn    (no ring)
MPRegen 0.11/turn

%: no passive effects
@: lethally poisoned (-2 -> -6), slowed, very slow
A: large, unfitting armour, claws 3, regeneration 1, shaggy fur 1, tough skin 1
a: Renounce Religion, Berserk, Trog's Hand, Brothers in Arms


You were on level 8 of the Dungeon.
You worshipped Trog.
Trog was greatly pleased with you.
You visited 1 branch of the dungeon, and saw 8 of its levels.

You collected 419 gold pieces.
You spent 90 gold pieces at shops.

Inventory:

Hand Weapons
 e - a +0 short sword
 o - a +2 quarterstaff of chaos (weapon)
 q - a +0 hammer
 F - the +3 dire flail "Luaclal" {heavy, *Slow +Blink rCorr SInv}
   (You took it off an ogre on level 5 of the Dungeon)

   SInv:      It lets you see invisible.
   +Blink:    It lets you blink.
   rCorr:     It protects you from acid and corrosion.
   *Slow:     It may slow you when you take damage.
 H - the +7 war axe "Lixya" {heavy, rF+}
   (You found it on level 5 of the Dungeon)

   rF:        It protects you from fire.
Armour
 a - a +0 animal skin
 f - a +0 robe (worn)
 h - a +0 helmet
 k - a +0 chain mail
 p - a +2 cloak (worn)
 s - a +0 scale mail
 w - the +5 scale mail of Autumn {rPois SInv}
   (You found it on level 2 of the Dungeon)

   rPois:     It protects you from poison.
   SInv:      It lets you see invisible.
 C - the +1 cloak "Qujicoli" {Rampage Int-3 Dex+5 SInv}
   (You found it on level 5 of the Dungeon)

   Int:       It affects your intelligence (-3).
   Dex:       It affects your dexterity (+5).
   SInv:      It lets you see invisible.
   Rampage:   It bestows one free step when moving towards enemies.
 I - a +0 leather armour
 L - a +0 cloak
Jewellery
 i - a +4 ring of protection (left claw)
 z - a ring of poison resistance
Wands
 y - a wand of paralysis (9)
 J - a wand of polymorph (8)
 R - a wand of light (12)
Scrolls
 b - 3 scrolls of fog {unknown}
 c - 6 scrolls of identify {unknown}
 g - 2 scrolls of fear {unknown}
 l - a scroll of poison {unknown}
 n - 3 scrolls of magic mapping {unknown}
 r - 3 scrolls of blinking {unknown}
 u - 5 scrolls of teleportation {unknown}
 v - a scroll of noise {unknown}
 x - 2 scrolls of torment {unknown}
 A - 2 scrolls of summoning {unknown}
 D - a scroll of silence {unknown}
 K - 2 scrolls of enchant armour {unknown}
 M - a scroll of immolation {unknown}
Potions
 d - a potion of magic {unknown}
 j - 2 potions of brilliance {unknown}
 m - 6 potions of flight {unknown}
 t - a potion of ambrosia {unknown}
 B - a potion of attraction {unknown}
 E - 2 potions of lignification {unknown}
 G - a potion of haste {unknown}
 N - a potion of mutation {unknown}
 P - 2 potions of degeneration {unknown}
 Q - a potion of cancellation {unknown}
 S - a potion of berserk rage {unknown}


   Skills:
 - Level 2.6 Fighting
 + Level 3.0(7.5) Maces & Flails
 + Level 9.8(10.0) Staves
 + Level 6.9 Dodging
 + Level 2.9 Stealth
 - Level 3.2 Unarmed Combat
 + Level 0.2 Evocations


You had 9 spell levels left.
You didn't know any spells.
Your spell library contained the following spells:

 Spells                   Type           Power      Damage    Failure   Level
 Poisonous Vapours        Pois/Air       0%         N/A       67%         2
 Mephitic Cloud           Conj/Pois/Air  0%         N/A       88%         3
 Freezing Cloud           Conj/Ice/Air   0%         6-21      100%        5


Dungeon Overview and Level Annotations

Branches:
Dungeon (8/15)             Temple (0/1) D:4
   Lair: D:8-11

Altars:
Zin
The Shining One

Shops:
D:5 *

Portals:
Bailey: D:7

Annotations:
D:8 Amaemon


Innate Abilities, Weirdness & Mutations

You are too large for most types of armour.
You have claws for hands.
Your natural rate of healing is unusually fast.
You are covered in fur. (AC +1)
You have tough skin. (AC +1)


Message History

You sock the scorpion!
You kill the scorpion!
The scorpion's corpse disappears in a puff of smoke!
You feel very sick. The orange demon barely misses you.
Amaemon casts a spell at the scorpion.
The scorpion seems to grow toxic.
You closely miss the scorpion.
You feel sick. The scorpion barely misses you.
The orange demon barely misses you.
You hit the scorpion but do no damage.
The scorpion is poisoned.
You feel sick. The scorpion closely misses you.
You bludgeon the scorpion!! Lightning courses through the scorpion!
You kill the scorpion!
The scorpion's corpse disappears in a puff of smoke!
You feel sick.
The orange demon stings you but does no damage.
You closely miss the scorpion.
You feel sick.
The scorpion stings you but does no damage.
The orange demon stings you from afar!
* * * LOW HITPOINT WARNING * * *
You are more poisoned.
You have difficulty breathing.
* * * LOW HITPOINT WARNING * * *
You feel yourself slow down.
You hit the scorpion. You freeze the scorpion.
The scorpion is moderately wounded.
* * * LOW HITPOINT WARNING * * *
You feel very sick.
The scorpion stings you but does no damage.
The orange demon closely misses you.
Amaemon's eyes glow red.
The scorpion barely misses you.
There is a lethal amount of poison in your body!
You sock the scorpion!
You kill the scorpion!
The scorpion's corpse disappears in a puff of smoke!
* * * LOW HITPOINT WARNING * * *
You feel very sick. The orange demon stings you from afar.
You die...

######## #....... #######
#.##.... #......
#########.##.##. .......
#.........##.##.
......4###.##########)##.
......6ยง@..........
..##. =......##.#########
####. ...#### #.....# #.
. #####.# #. ##### #....
#.### #.#..


You could see Amaemon and an orange demon (curare).

Vanquished Creatures
  A two-headed ogre (D:8)
  Pikel (D:6)
  The ghost of Elliot the Ruffian, a novice TrBe of Trog (D:5)
  Grinder (D:4)
  4 yaks (D:6)
  A steam dragon (D:7)
  Menkaure (D:6)
  Edmund (D:6)
  2 water moccasins
  2 orc warriors
  2 sky beasts
  A black bear (D:5)
  2 ice beasts (D:6)
  4 ogres
  2 phantoms
  3 bullfrogs
  3 scorpions
  A howler monkey (D:5)
  6 hounds
  An orc priest (D:7)
  4 jellies
  Crazy Yiuf (D:2)
  Ijyb (D:3)
  3 sleepcaps
  6 iguanas
  Natasha (twice) (D:2)
  3 orc wizards
  Robin (D:2)
  4 gnolls (D:4)
  11 adders
  A white imp (D:5)
  2 ufetubi
  4 worms
  3 orcs
  4 endoplasms
  6 giant cockroaches
  13 hobgoblins
  5 kobolds
  A quokka (D:5)
  4 ball pythons
  6 bats
  4 frilled lizards
  15 goblins
  5 rats
149 creatures vanquished.

Notes
Turn   | Place    | Note
-------+----------+-------------------------------------------
     0 | D:1      | noobzilla909 the Troll Berserker began the quest for the
                  | Orb.
     0 | D:1      | Reached XP level 1. HP: 22/22 MP: 0/0
   684 | D:1      | Reached XP level 2. HP: 26/29 MP: 1/1
  1226 | D:2      | Noticed Natasha
  1229 | D:2      | Killed Natasha
  1230 | D:2      | Reached XP level 3. HP: 28/36 MP: 2/2
  1290 | D:2      | Found a runed translucent door.
  1291 | D:2      | Noticed Crazy Yiuf
  1297 | D:2      | Killed Crazy Yiuf
  1298 | D:2      | Reached XP level 4. HP: 22/44 MP: 3/3
  1364 | D:2      | Noticed Robin
  1374 | D:2      | Reached ** piety under Trog
  1408 | D:2      | Killed Robin
  1590 | D:2      | Noticed Natasha
  1596 | D:2      | Killed Natasha
  1597 | D:2      | Reached skill level 1 in Staves
  1597 | D:2      | Reached XP level 5. HP: 43/50 MP: 4/4
  1865 | D:2      | Identified the +5 scale mail of Autumn {rPois SInv}
  2083 | D:3      | Noticed Ijyb
  2083 | D:3      | Paralysed by Ijyb for 3 turns
  2089 | D:3      | Paralysed by Ijyb for 5 turns
  2099 | D:3      | Killed Ijyb
  2298 | D:3      | Reached skill level 2 in Staves
  2557 | D:3      | Found a faded altar of an unknown god.
  2919 | D:4      | Found a staircase to the Ecumenical Temple.
  2957 | D:4      | Reached *** piety under Trog
  3113 | D:4      | Reached XP level 6. HP: 59/59 MP: 5/5
  3161 | D:4      | Reached skill level 3 in Staves
  3319 | D:4      | Noticed Grinder
  3349 | D:4      | Killed Grinder
  3350 | D:4      | Reached skill level 4 in Staves
  3350 | D:4      | Reached XP level 7. HP: 15/66 MP: 6/6
  3413 | D:4      | Found Zin's Purification Station.
  3413 | D:4      | Found a glowing silver altar of Zin.
  3422 | D:4      | Bought a potion of curing for 90 gold pieces
  3500 | D:5      | Entered Level 5 of the Dungeon
  3570 | D:5      | Found Opraxe's Assorted Antiques.
  3625 | D:5      | Reached skill level 1 in Stealth
  3632 | D:5      | Identified the +1 cloak "Qujicoli" {Rampage Int-3 Dex+5
                  | SInv}
  3646 | D:5      | Found a glowing drain.
  3670 | D:5      | Reached skill level 5 in Staves
  3679 | D:5      | Reached skill level 5 in Dodging
  3713 | D:5      | Identified the +7 war axe "Lixya" {heavy, rF+}
  3716 | D:5      | Identified the +3 dire flail "Luaclal" {heavy, *Slow +Blink
                  | rCorr SInv}
  3717 | D:5      | Noticed Elliot's ghost (novice TrBe)
  3720 | D:5      | Found a transporter.
  3731 | D:5      | Reached XP level 8. HP: 74/74 MP: 7/7
  4099 | D:5      | Found a transporter.
  4105 | D:5      | Reached skill level 6 in Staves
  4113 | D:5      | Killed Elliot's ghost
  4122 | D:5      | Reached skill level 7 in Staves
  4322 | D:6      | Reached XP level 9. HP: 42/80 MP: 8/8
  4329 | D:6      | Reached skill level 1 in Maces & Flails
  4493 | D:6      | Found a glowing golden altar of the Shining One.
  4544 | D:6      | Reached skill level 8 in Staves
  4546 | D:6      | Noticed Edmund
  4576 | D:6      | Killed Edmund
  4576 | D:6      | Reached **** piety under Trog
  4748 | D:6      | Noticed Menkaure
  4756 | D:6      | Killed Menkaure
  5171 | D:6      | Reached skill level 9 in Staves
  5206 | D:6      | Noticed Pikel
  5223 | D:6      | Killed Pikel
  5224 | D:6      | Reached XP level 10. HP: 77/88 MP: 9/9
  6229 | D:7      | Found a flagged portal.
  6412 | D:8      | Noticed Amaemon
  6412 | D:8      | Noticed a two-headed ogre
  6412 | D:8      | Noticed an orange demon
  6423 | D:8      | Killed a two-headed ogre
  6449 | D:8      | HP: 2/88 [poisoned by orange demon (concentrated venom)]
  6449 | D:8      | Slain by an orange demon

Illustrated notes

Levels and vault maps discovered:
D:1:      erik_arrival_triangle_small, layout_basic, reono_crystal_passage
D:2:      layout_loops_ring, uniq_robin, uniq_natasha, uniq_crazy_yiuf_cottage
D:3:      layout_basic, shapermc_ecumenical_altar_mp_highgroup, uniq_ijyb
D:4:      layout_rooms, zin_purify, minmay_temple_entry_junction,
          minmay_cut_off, uniq_grinder
D:5:      layout_basic, gup_sewer_entry_glass, serial_shops,
          nicolae_shop_behind_doors, gammafunk_ghost_smash
D:6:      layout_basic, mainiacjoe_overflow_concentric_impassable, st_stairs_3,
          dk_noncrumbling_4, minmay_circle_x, uniq_edmund, uniq_pikel,
          uniq_menkaure
D:7:      layout_gridville, enter_bailey_4, roderic_serpentine_path
D:8:      gammafunk_wand_slinger, layout_basic, mainiacjoe_overflow_brackets,
          uniq_amaemon

Skill      XL: |  1  2  3  4  5  6  7  8  9 |
---------------+----------------------------+-----
Dodging        | 3 4 5 6 |  6.9
Staves         | 1 2 4 5 7 9 |  9.8
Stealth        | 1 2 |  2.9
Maces & Flails | 3 |  3.0
Fighting       | |  2.6
Unarmed Combat | |  3.2
Evocations     | |  0.2

Action                     |  1- 3 |  4- 6 |  7- 9 | 10-12 || total
---------------------------+-------+-------+-------+-------++-------
  Melee: Unarmed           |    59 |       |       |       ||    59
         Punch             |     4 |       |       |       ||     4
         Quarterstaff      |       |   173 |   194 |   111 ||   478
         Dire flail        |       |       |    12 |       ||    12
  Evoke: Wand              |       |       |     2 |     1 ||     3
    Use: Potion            |       |       |     3 |     2 ||     5
   Stab: Petrified         |       |     1 |       |       ||     1
         Sleeping          |       |       |     2 |     2 ||     4
         Paralysed         |       |       |     2 |     3 ||     5
         Petrifying        |       |       |       |     1 ||     1
 Armour: Animal skin       |     9 |       |       |       ||     9
         Robe              |    13 |   121 |    73 |    53 ||   260
  Dodge: Dodged            |    30 |   104 |    92 |    48 ||   274
